 Dungeon Crawl Stone Soup version 0.22-a0-284-g99d1f7439c (webtiles) character file.

52 Infinimo the Cudgeler (level 4, -1/28 HPs)
             Began as a Kobold Berserker on Mar 22, 2018.
             Was a Follower of Trog.
             Killed from afar by Natasha (3 damage)
             ... with a magic dart
             ... on level 2 of the Dungeon.
             The game lasted 00:01:12 (1153 turns).

Infinimo the Cudgeler (Kobold Berserker)            Turns: 1153, Time: 00:01:12

Health: -1/28      AC:  2    Str: 14 (15) XL:     4   Next: 8%
Magic:  4/4        EV: 15    Int:  7 (8)  God:    Trog [*.....]
Gold:   59         SH:  0    Dex: 13 (14) Spells: 3/3 levels left

rFire    . . .     SeeInvis .   a - +0 mace
rCold    . . .     Gourm    .   (shield restricted)
rNeg     . . .     Faith    .   b - +0 animal skin
rPois    .         Spirit   .   (no helmet)
rElec    .         Reflect  .   (no cloak)
rCorr    .         Harm     .   (no gloves)
MR       .....                  (no boots)
Stlth    +.........             (no amulet)
HPRegen  0.09/turn              (no ring)
MPRegen  0.09/turn              (no ring)

@: berserk cooldown, slowed, very slow
A: small, carnivore
a: Berserk, Renounce Religion


You were on level 2 of the Dungeon.
You worshipped Trog.
Trog was aware of your devotion.
You were full.

You visited 1 branch of the dungeon, and saw 2 of its levels.

You collected 59 gold pieces.

Inventory:

Hand Weapons
 a - a +0 mace (weapon)
Armour
 b - a +0 animal skin (worn)
Scrolls
 e - a scroll of fog {unknown}
 f - a scroll of identify {unknown}
Potions
 h - a potion of brilliance {unknown}
Comestibles
 c - 3 rations


   Skills:
 - Level 3.2 Fighting
 + Level 4.2 Maces & Flails
 - Level 1.5 Armour
 - Level 2.4 Dodging


You had 3 spell levels left.
You didn't know any spells.

Dungeon Overview and Level Annotations

Branches:
Dungeon (2/15)

Altars:

Annotations:
D:2 Natasha


Innate Abilities, Weirdness & Mutations

You are small and have problems with some larger weapons.
You are carnivorous and can eat meat at any time.


Message History

You feel your anger nearly subside.
You are no longer berserk.
You are exhausted.
You feel yourself slow down.
You start resting.
Natasha, Servant of Life and Death comes into view.
Natasha claws you!
* * * LOW HITPOINT WARNING * * *
Natasha claws you.
* * * LOW HITPOINT WARNING * * *
You are too injured to fight recklessly!
You are too injured to fight recklessly!
It was a potion of berserk rage.
You're still recovering from your berserk rage.
Natasha drinks a potion.
Natasha seems to grow stronger.
It was a potion of degeneration.
There was something very wrong with that liquid.
You feel weakened.
You feel dopey.
You feel clumsy.
Natasha stares at you and mumbles some strange words.
The magic dart hits you!
You die...

#.# #......
##..###.......
#............
#......>...#
#..........#
#..........#.#
#......h.....#
##.....@.......
.###.......####.## ..
......†....# .# ...
......†....####.###..
####............#...
######.#...##..#
##)...(........
.........?....#.
####.##.#...<##


You could see Natasha.

Vanquished Creatures
  Natasha (D:2)
  A dart slug (D:1)
  A leopard gecko (D:1)
  5 bats (D:1)
  A giant cockroach (D:2)
  5 goblins (D:1)
  2 hobgoblins (D:1)
  2 frilled lizards
  3 kobolds
  4 rats (D:1)
25 creatures vanquished.

Notes
Turn   | Place    | Note
-------+----------+-------------------------------------------
     0 | D:1      | Infinimo the Kobold Berserker began the quest for the Orb.
     0 | D:1      | Reached XP level 1. HP: 14/14 MP: 1/1
   187 | D:1      | Reached skill level 3 in Maces & Flails
   325 | D:1      | Reached XP level 2. HP: 17/19 MP: 2/2
   600 | D:1      | Reached XP level 3. HP: 22/23 MP: 3/3
  1130 | D:2      | Noticed Natasha
  1137 | D:2      | Killed Natasha
  1137 | D:2      | Reached skill level 4 in Maces & Flails
  1137 | D:2      | Reached XP level 4. HP: 24/28 MP: 4/4
  1149 | D:2      | Noticed Natasha
  1153 | D:2      | Killed from afar by Natasha

Vault maps used:
D:1:      co_arrival_random_square_maze
D:2:      cheibrodos_greedy_goblins, uniq_natasha

Skill      XL: |  1  2  3 |
---------------+----------+-----
Maces & Flails | 3 4 |  4.2
Fighting       | |  3.2
Armour         | |  1.5
Dodging        | |  2.4

Action                   |  1- 3 |  4- 6 || total
-------------------------+-------+-------++-------
Melee: Mace              |    68 |     4 ||    72
Invok: Berserk           |     2 |       ||     2
  Use: Potion            |       |     2 ||     2
 Stab: Sleeping          |     1 |       ||     1
  Eat: Chunk             |     7 |       ||     7
Armor: Animal skin       |    17 |       ||    17
Dodge: Dodged            |    56 |     1 ||    57

Table legend:
 A = Spawn XP
 B = Non-spawn XP
 C = Spawn XP percentage of total XP
 D = Spawn monster count
 E = Non-spawn monster count
 F = Spawn count percentage of total count
 G = Total turns spent on level
                    A         B        C        D         E        F      G
               +---------+---------+-------+---------+---------+-------+---------
         Total |       0 |      75 |   0.0 |       0 |      25 |   0.0 |  1153
               +---------+---------+-------+---------+---------+-------+---------
           D:1 |       0 |      36 |   0.0 |       0 |      21 |   0.0 |  1122
           D:2 |       0 |      39 |   0.0 |       0 |       4 |   0.0 |    31
               +---------+---------+-------+---------+---------+-------+---------
